 Dungeon Crawl Stone Soup version 0.28.0-47-ge53b351184 (webtiles) character file.

Game seed: 8318844120223184547

236 Cak3Hol3 the Ruffian (level 5, 0/48 HPs)
             Began as a Troll Transmuter on May 2, 2022.
             Was an Initiate of Ru.
             Succumbed to a water moccasin's poison
             ... on level 5 of the Dungeon.
             The game lasted 00:16:47 (2686 turns).

Cak3Hol3 the Ruffian (Troll Transmuter)             Turns: 2686, Time: 00:16:48

Health: 0/48       AC:  6    Str: 18    XL:     5   Next: 77%
Magic:  5/6        EV: 10    Int:  9    God:    Ru [......]
Gold:   82         SH:  0    Dex: 12    Spells: 3/6 levels left

rFire   . . .      SeeInvis .     - Unarmed
rCold   . . .      Faith    .   (no shield)
rNeg    . . .      Spirit   .   a - +0 robe
rPois   .          Reflect  .   (helmet restricted)
rElec   .          Harm     .   k - +1 cloak
rCorr   .          Rampage  .   (gloves unavailable)
Will    .....                   (boots unavailable)
Stlth   +.........              (no amulet)
HPRegen 0.96/turn               v - ring of flight
MPRegen 0.10/turn               (no ring)

@: lethally poisoned (0 -> -13), flying
A: large, unfitting armour, claws 3, regeneration 1, shaggy fur 1, tough skin 1
a: Renounce Religion


You were on level 5 of the Dungeon.
You worshipped Ru.
Ru was noncommittal.
You visited 1 branch of the dungeon, and saw 5 of its levels.

You collected 82 gold pieces.

Inventory:

Hand Weapons
 d - a +0 club
 j - a +2 quarterstaff of chaos
 l - the +4 hunting sling "Kiabram" {venom, rC+}
   (You found it on level 2 of the Dungeon)

   Any ammunition fired from it poisons the flesh of those it strikes.
   rC:        It protects you from cold.
 x - a +0 short sword of venom
 D - the +4 hunting sling "Veonim" {freeze, Contam Str+6}
   (You found it on level 3 of the Dungeon)

   Any ammunition fired from it freezes those it strikes, dealing additional
   cold damage.
   It can also slow down cold-blooded creatures.
   Str:       It affects your strength (+6).
   Contam:    It causes magical contamination when unequipped.
Missiles
 e - 4 javelins
 p - 45 arrows
Armour
 a - a +0 robe (worn)
 k - a +1 cloak (worn)
 z - a +0 pair of boots
 B - a +0 leather armour
Magical Staves
 C - a staff of cold
Jewellery
 r - an amulet of faith
 v - a ring of flight (left claw)
Scrolls
 b - a scroll of summoning {unknown}
 c - 4 scrolls of teleportation {unknown}
 h - a scroll of immolation {unknown}
 n - a scroll of enchant weapon {unknown}
 o - a scroll of fog {unknown}
 q - a scroll of magic mapping {unknown}
 s - a scroll of torment {unknown}
 t - 3 scrolls of identify {unknown}
 u - 2 scrolls of noise {unknown}
 w - a scroll of acquirement {unknown}
 y - a scroll of fear {unknown}
Potions
 f - a potion of attraction {unknown}
 g - 3 potions of heal wounds {unknown}
 i - a potion of cancellation {unknown}
 m - a potion of ambrosia {unknown}
 A - a potion of might {unknown}


   Skills:
 + Level 1.0 Fighting
 * Level 3.1 Dodging
 + Level 0.2 Stealth
 + Level 5.1 Unarmed Combat
 + Level 1.4 Spellcasting
 + Level 1.7 Transmutations


You had 3 spell levels left.
You knew the following spells:

 Your Spells              Type           Power      Damage    Failure   Level
a - Beastly Appendage     Tmut           6%         N/A       17%         1
b - Wereblood             Tmut           3%         N/A       26%         2

Your spell library contained the following spells:

 Spells                   Type           Power      Damage    Failure   Level
 Spider Form              Tmut/Pois      2%         N/A       58%         3
 Gell's Gravitas          Tloc           0%         N/A       71%         3
 Teleport Other           Tloc           0%         N/A       71%         3
 Ice Form                 Ice/Tmut       2%         N/A       94%         4
 Dispersal                Tloc           0%         N/A       100%        6


Dungeon Overview and Level Annotations

Branches:
Dungeon (5/15)
 Temple: D:4-7

Altars:
Kikubaaqudgha
Ru


Innate Abilities, Weirdness & Mutations

You are too large for most types of armour.
You have claws for hands.
Your natural rate of healing is unusually fast.
You are covered in fur. (AC +1)
You have tough skin. (AC +1)


Message History

You are very lightly contaminated with residual magic.
Nothing appears to happen.
You feel very sick. The hound skeleton closely misses you.
The water moccasin bites you! The hound skeleton barely misses you.
The water moccasin bites you but does no damage.
You scratch the hound skeleton.
The hound skeleton is moderately damaged.
You feel sick. The water moccasin bites you.
The hound skeleton bites you but does no damage.
You claw the hound skeleton!
The hound skeleton is almost destroyed.
You feel sick. The water moccasin closely misses you.
The hound skeleton bites you.
You claw the hound skeleton!
You destroy the hound skeleton!
You feel sick. The water moccasin closely misses you.
You completely miss the water moccasin.
You feel sick. The water moccasin bites you.
You are more poisoned.
The water moccasin poisons you! The water moccasin barely misses you.
You barely miss the water moccasin.
You feel very sick. The water moccasin closely misses you.
You miss the water moccasin.
You feel very sick. The water moccasin closely misses you.
You feel sick. The water moccasin bites you.
* * * LOW HITPOINT WARNING * * *
The water moccasin bites you.
* * * LOW HITPOINT WARNING * * *
You are lethally poisoned!
The water moccasin poisons you!
Your magical contamination has completely faded away.
There is a stone staircase leading down here.
* * * LOW HITPOINT WARNING * * *
You feel very sick. The water moccasin barely misses you.
You fly downwards.
You die...

...... .oo. .
....##.... ..
....#..... #..
......... #.r.
......... .....
#........
#.....#........
#..[@.......
##.S........
...>.........
...............
#..............
#.....##......Z
...... .......
..#... #.#....


You could see a water moccasin, an orc priest (asleep), an orc wizard (asleep),
a quokka (asleep) and a centaur skeleton (dormant).

Vanquished Creatures
  2 hounds (D:3)
  Crazy Yiuf (D:2)
  A hound skeleton (D:4)
  3 gnolls (D:2)
  4 adders
  An ufetubus (D:4)
  A worm (D:3)
  A dart slug (D:1)
  An orc (D:3)
  2 ball pythons (D:1)
  2 endoplasms (D:1)
  9 goblins
  5 hobgoblins
  8 jackals (D:1)
  4 kobolds
  3 quokkas
  6 bats
  4 frilled lizards
  6 rats
64 creatures vanquished.

Notes
Turn   | Place    | Note
-------+----------+-------------------------------------------
     0 | D:1      | Cak3Hol3 the Troll Transmuter began the quest for the Orb.
     0 | D:1      | Reached XP level 1. HP: 18/18 MP: 1/1
    69 | D:1      | Reached XP level 2. HP: 23/26 MP: 3/3
   314 | D:1      | Reached XP level 3. HP: 28/32 MP: 4/4
   670 | D:2      | Reached skill level 4 in Unarmed Combat
   691 | D:2      | Found a runed translucent door.
   692 | D:2      | Noticed Crazy Yiuf
   703 | D:2      | Killed Crazy Yiuf
   704 | D:2      | Reached XP level 4. HP: 23/40 MP: 3/5
   850 | D:2      | Identified the +4 hunting sling "Kiabram" {venom, rC+}
  1576 | D:3      | Found a faded altar of an unknown god.
  1595 | D:3      | Reached XP level 5. HP: 46/46 MP: 6/6
  1743 | D:3      | Found a sacrificial altar of Ru.
  1759 | D:3      | Found an ancient bone altar of Kikubaaqudgha.
  2080 | D:3      | Reached skill level 1 in Fighting
  2138 | D:3      | Became a worshipper of Ru the Awakened
  2481 | D:3      | Identified the +4 hunting sling "Veonim" {freeze, Contam
                  | Str+6}
  2611 | D:4      | Reached skill level 5 in Unarmed Combat
  2614 | D:4      | Learned a level 2 spell: Wereblood
  2671 | D:4      | Noticed a water moccasin
  2686 | D:5      | Entered Level 5 of the Dungeon
  2686 | D:5      | Succumbed to a water moccasin's poison

Illustrated notes

Levels and vault maps discovered:
D:1:      shiori_shiawase, layout_rooms, minivault_11
D:2:      layout_basic, uniq_crazy_yiuf_cottage
D:3:      minmay_skewed_foursquare, layout_loops_ring,
          mainiacjoe_overflow_large_starburst, nicolae_ecumenical_pavilion
D:4:      layout_loops_ring, nzn_hepliaklqana_mist_gate, temple_statues,
          uniq_grinder
D:5:      layout_cave_pools, zin_academy, uniq_blork_the_orc, uniq_duvessa

Skill      XL: |  1  2  3  4  5 |
---------------+----------------+-----
Dodging        | 2 3 |  3.1
Unarmed Combat | 4 5 |  5.1
Fighting       | 1 |  1.0
Stealth        | |  0.2
Spellcasting   | |  1.4
Transmutations | |  1.7

Action                   |  1- 3 |  4- 6 || total
-------------------------+-------+-------++-------
Melee: Unarmed           |    81 |    85 ||   166
       Headbutt          |     1 |       ||     1
       Punch             |       |     3 ||     3
 Cast: Beastly Appendage |     1 |       ||     1
Armor: Robe              |    21 |    39 ||    60
Dodge: Dodged            |    48 |    47 ||    95
